 Dungeon Crawl Stone Soup version 0.23-a0-449-g8e4cbf7b70 (webtiles) character file.

74 Multipenetrator the Ducker (level 4, 0/21 HPs)
             Began as a Spriggan Artificer on Nov 21, 2018.
             Slain by a worm (10 damage)
             ... on level 3 of the Dungeon.
             The game lasted 00:06:02 (1782 turns).

Multipenetrator the Ducker (Spriggan Artificer)     Turns: 1782, Time: 00:06:03

Health: 0/21       AC:  2    Str:  8    XL:     4   Next: 10%
Magic:  8/8        EV: 21    Int: 12    God:
Gold:   94         SH:  0    Dex: 17    Spells: 3/3 levels left

rFire    + . .     SeeInvis +   a - +0 short sword
rCold    + . .     Gourm    .   (shield restricted)
rNeg     . . .     Faith    .   b - +0 robe
rPois    .         Spirit   .   (helmet restricted)
rElec    .         Reflect  .   n - scarf {rC+ rF+}
rCorr    .         Harm     .   (gloves unavailable)
MR       .....                  (boots unavailable)
Stlth    ++........             (no amulet)
HPRegen  0.07/turn              (no ring)
MPRegen  0.11/turn              (no ring)

@: very quick
A: very small, unfitting armour, see invisible, herbivore, speed 3, slow
metabolism 2
a: no special abilities


You were on level 3 of the Dungeon.
You were not hungry.

You visited 1 branch of the dungeon, and saw 3 of its levels.

You collected 94 gold pieces.

Inventory:

Hand Weapons
 a - a +0 short sword (weapon)
Armour
 b - a +0 robe (worn)
 n - a scarf of resistance (worn)
 u - a +0 cloak
Jewellery
 w - a cursed ring of teleportation {unknown}
Wands
 c - a wand of flame (14)
 d - a wand of enslavement (15)
 e - a wand of random effects (15)
Scrolls
 g - 2 scrolls of identify {unknown}
 i - 2 scrolls of teleportation {unknown}
 j - 2 scrolls of remove curse {unknown}
 k - a scroll of random uselessness {unknown}
 m - 2 scrolls of immolation
 o - a scroll of blinking {unknown}
 t - a scroll of noise {unknown}
 v - a scroll of enchant armour {unknown}
Potions
 h - 2 potions of flight {unknown}
 l - 2 potions of curing
 p - a potion of degeneration {unknown}
 q - a potion of magic {unknown}
 r - a potion of brilliance {unknown}
 s - a potion of agility {unknown}
 x - a potion of haste {unknown}
Comestibles
 f - 2 rations


   Skills:
 - Level 0.7 Fighting
 + Level 1.1 Short Blades
 * Level 5.8 Dodging
 * Level 2.6 Stealth
 - Level 4.2 Evocations


You had 3 spell levels left.
You didn't know any spells.
Your spell library was empty.

Dungeon Overview and Level Annotations

Branches:
Dungeon (3/15)

Altars:
Ru
Trog
Yredelemnul


Innate Abilities, Weirdness & Mutations

You are very small and have problems with some larger weapons.
You are too small for most types of armour.
You have supernaturally acute eyesight. (SInv)
You are a herbivore.
You cover ground extremely quickly.
You need to consume almost no food.


Message History

The worm is heavily wounded.
The worm completely misses you.
You hit the worm but do no damage.
The worm is heavily wounded.
You hit the worm.
The worm is heavily wounded.
The worm completely misses you.
You hit the worm.
The worm is severely wounded.
The worm bites you!
* * * LOW HITPOINT WARNING * * *
You barely miss the worm.
The worm is severely wounded.
The worm barely misses you.
You hit the worm.
The worm is severely wounded.
You hit the worm but do no damage.
The worm is severely wounded.
The worm bites you!
You die...

###. ...# #..###
###.... .>#...#
#.#...# #.#...####
####.#....i.#
#........##w#
#.##.#.#.##.# #
#.##.#.####.####
#.#.##.###.......##
#.#.##.##.........#
#..)...#...........#
###.####....###....#
#. #.# #...##y##...#


You could see a worm.

Vanquished Creatures
  3 adders
  A dart slug (D:1)
  4 leopard geckos
  3 giant cockroaches (D:2)
  5 goblins
  6 hobgoblins
  3 kobolds
  2 quokkas (D:2)
  6 bats
  4 frilled lizards (D:2)
  4 rats
41 creatures vanquished.

Notes
Turn   | Place    | Note
-------+----------+-------------------------------------------
     0 | D:1      | Multipenetrator the Spriggan Artificer began the quest for
                  | the Orb.
     0 | D:1      | Reached XP level 1. HP: 9/9 MP: 4/4
   163 | D:1      | Reached XP level 2. HP: 7/14 MP: 6/6
   444 | D:1      | Reached skill level 4 in Dodging
   727 | D:2      | Reached XP level 3. HP: 9/17 MP: 7/7
   757 | D:2      | Reached skill level 5 in Dodging
   950 | D:2      | Found a sacrificial altar of Ru.
  1601 | D:3      | Found a basalt altar of Yredelemnul.
  1644 | D:3      | Reached XP level 4. HP: 18/21 MP: 8/8
  1738 | D:3      | Noticed a moth of wrath
  1741 | D:3      | Found a bloodstained altar of Trog.
  1782 | D:3      | Slain by a worm

Vault maps used:
D:1:      dpeg_arrival_prison, feat_on_display
D:2:      minmay_door_path, old_standard_altar
D:3:      old_standard_altar, old_standard_altar,
          nicolae_overflow_crystal_walls, tgw_trog, kennysheep_cross_room,
          uniq_robin

Skill      XL: |  1  2  3 |
---------------+----------+-----
Dodging        | 4 5 |  5.8
Stealth        | 2 |  2.6
Fighting       | |  0.7
Short Blades   | |  1.1
Evocations     | |  4.2

Action                   |  1- 3 |  4- 6 || total
-------------------------+-------+-------++-------
Melee: Short sword       |   164 |    39 ||   203
Evoke: Wand              |     1 |       ||     1
  Use: Scroll            |     1 |       ||     1
       Potion            |     1 |       ||     1
 Stab: Sleeping          |     7 |       ||     7
Armor: Robe              |    17 |     3 ||    20
Dodge: Dodged            |   161 |    29 ||   190

Table legend:
 A = Non-vault XP
 B = Vault XP
 C = Vault XP percentage of total XP
 D = Non-vault monster count
 E = Vault monster count
 F = Vault count percentage of total count
                 A         B        C        D         E       F
            +---------+---------+-------+---------+---------+-------
      Total |      74 |      33 |  30.8 |      35 |       6 |  14.6
            +---------+---------+-------+---------+---------+-------
        D:1 |      28 |       1 |   3.4 |      14 |       1 |   6.7
        D:2 |      26 |      32 |  55.2 |      16 |       5 |  23.8
        D:3 |      20 |       0 |   0.0 |       5 |       0 |   0.0
            +---------+---------+-------+---------+---------+-------
